 Dungeon Crawl Stone Soup version 0.29.1-1-gd02db6906a (webtiles) character file.

Game seed: 5798596939278462747

205 Demigod47 the Cudgeller (level 5, -2/47 HPs)
             Began as a Minotaur Fighter on Oct 17, 2022.
             Slain by an orc wizard
             ... wielding a +0 dagger
              (3 damage)
             ... on level 3 of the Dungeon.
             The game lasted 00:03:17 (1854 turns).

Demigod47 the Cudgeller (Minotaur Fighter)          Turns: 1854, Time: 00:03:18

Health: -2/47      AC:  7    Str: 22    XL:     5   Next: 53%
Magic:  4/4        EV:  9    Int:  5    God:
Gold:   243        SH:  4    Dex: 10    Spells: 4/4 levels left

rFire   . . .      SeeInvis .   a - +0 flail
rCold   . . .      Faith    .   c - +0 buckler
rNeg    . . .      Spirit   .   b - +0 scale mail
rPois   .          Reflect  .   (helmet restricted)
rElec   .          Harm     .   (no cloak)
rCorr   .          Rampage  .   (no gloves)
Will    .....                   (no boots)
Stlth   ..........              (no amulet)
HPRegen 0.15/turn               (no ring)
MPRegen 0.09/turn               (no ring)

@: no status effects
A: horns 2, retaliatory headbutt
a: no special abilities


You were on level 3 of the Dungeon.
You visited 1 branch of the dungeon, and saw 4 of its levels.

You collected 243 gold pieces.

Inventory:

Hand Weapons
 a - a +0 flail (weapon)
Missiles
 l - a throwing net (quivered)
Armour
 b - a +0 scale mail (worn)
 c - a +0 buckler (worn)
Jewellery
 d - an amulet of magic regeneration
 m - a ring of positive energy
Scrolls
 f - a scroll of fog
 h - a scroll of immolation
 i - a scroll of vulnerability
 j - 3 scrolls of teleportation
 n - 2 scrolls of noise
Potions
 e - 2 potions of ambrosia
 k - 2 potions of flight


   Skills:
 + Level 4.5 Fighting
 * Level 5.0 Maces & Flails
 + Level 4.9 Armour
 + Level 1.1 Dodging
 + Level 4.0 Shields


You had 4 spell levels left.
You didn't know any spells.
Your spell library contained the following spells:

 Spells                   Type           Power      Damage    Failure   Level
 Sting                    Tmut/Pois      0%         1d3       86%         1
 Poisonous Vapours        Pois/Air       0%         N/A       95%         2
 Olgreb's Toxic Radiance  Pois           0%         N/A       100%        4


Dungeon Overview and Level Annotations

Branches:
Dungeon (4/15)
 Temple: D:4-7

Altars:
Dithmenos


Innate Abilities, Weirdness & Mutations

You have a pair of horns on your head.
You reflexively headbutt those who attack you in melee.


Message History

The orc priest casts a cantrip, but nothing happens.
Something hits you but does no damage. The orc priest closely misses you.
Something hits you.
* * * LOW HITPOINT WARNING * * *
You barely miss something. The orc priest hits you with a +0 mace.
* * * LOW HITPOINT WARNING * * *
Something hits you but does no damage.
You closely miss something. Your headbutt misses something.
The orc priest barely misses you. You furiously retaliate!
You headbutt the orc priest! Something hits you but does no damage.
Okay, then.
You sock the orc priest!
You kill the orc priest!
Something hits you but does no damage.
Your Maces & Flails skill increases to level 5!
Something hits you but does no damage.
There is a stone staircase leading down, spattered with blood here.
You see here a +0 mace.
Something hits you.
* * * LOW HITPOINT WARNING * * *
You hear some strange, mumbled words.
A magic dart appears from out of thin air!
The magic dart hits you.
* * * LOW HITPOINT WARNING * * *
You hear some strange, mumbled words.
A magic dart appears from out of thin air!
The magic dart hits you!
* * * LOW HITPOINT WARNING * * *
Something hits you.
* * * LOW HITPOINT WARNING * * *
Things that are here:
a +0 club; an orc corpse You closely miss something.
You block something's attack. Something completely misses you.
You sock something! Your headbutt misses something.
Something hits you but does no damage.
You completely miss something. Something hits you.
* * * LOW HITPOINT WARNING * * *
You hit something. Your headbutt misses something. Something hits you.
You die...

### ..# #.# ..# .## # .# #
.## ######### # ..#
#...@{..# # #.# #.......#
# ..# #.......# # ###
#.......# # .##
#.......### # ..####
#.........# #....##
#.......#.# ###
####..#######.......#.##
#..
..###.......####.####..###
##.#


There were no monsters in sight!

Vanquished Creatures
  3 orc priests (D:3)
  A hound (D:3)
  An orc wizard (D:3)
  An adder (D:2)
  A dart slug (D:3)
  3 orcs (D:3)
  5 endoplasms
  3 giant cockroaches
  A hobgoblin (D:2)
  7 jackals
  2 quokkas
  2 ball pythons (D:3)
  2 bats
  3 frilled lizards
  4 goblins
  4 kobolds
  5 rats
48 creatures vanquished.

Notes
Turn   | Place    | Note
-------+----------+-------------------------------------------
     0 | D:1      | Demigod47 the Minotaur Fighter began the quest for the Orb.
     0 | D:1      | Reached XP level 1. HP: 19/19 MP: 0/0
   148 | D:1      | Reached XP level 2. HP: 11/27 MP: 1/1
   348 | D:1      | Reached skill level 3 in Maces & Flails
   863 | D:2      | Found a shadowy altar of Dithmenos.
   976 | D:2      | Reached XP level 3. HP: 33/33 MP: 2/2
  1313 | D:3      | Found a faded altar of an unknown god.
  1359 | D:3      | Reached XP level 4. HP: 27/40 MP: 3/3
  1540 | D:3      | Reached skill level 4 in Maces & Flails
  1581 | D:3      | Reached XP level 5. HP: 44/47 MP: 4/4
  1834 | D:3      | Reached skill level 1 in Dodging
  1845 | D:3      | Reached skill level 5 in Maces & Flails
  1849 | D:3      | HP: 2/47 [something/magic dart (7)]
  1854 | D:3      | Slain by an orc wizard

Illustrated notes

Levels and vault maps discovered:
D:1:      scummos_arrival_forest, layout_rooms
D:2:      layout_rooms, basic_altar
D:3:      layout_rooms, ebering_ecumenical_altar_petrified,
          minmay_misc_feat_five, minmay_misc_feat_enclosed,
          grunt_decor_one_mirror
D:4:      layout_basic

Skill      XL: |  1  2  3  4  5 |
---------------+----------------+-----
Maces & Flails | 3 4 5 |  5.0
Fighting       | 4 |  4.5
Armour         | 4 |  4.9
Shields        | 4 |  4.0
Dodging        | 1 |  1.1

Action                   |  1- 3 |  4- 6 || total
-------------------------+-------+-------++-------
Melee: Flail             |    62 |    55 ||   117
       Headbutt          |     4 |     6 ||    10
  Use: Potion            |       |     1 ||     1
       Scroll            |       |     7 ||     7
Armor: Scale mail        |    53 |    37 ||    90
Dodge: Dodged            |    46 |    15 ||    61
Block: Buckler           |    24 |    13 ||    37
